Map: Alcyone LE

Players

MarineKing

  • Race: Terran Terran
  • League: Platinum
  • Spawn Location: 7:00

Subwayeatn - Winner!

  • Race: Zerg Zerg
  • League: Diamond
  • Spawn Location: 1:00

VOD

Have the link to the VOD?

Description

Time

  • Played on: Nov. 15, 2023, 4:57 p.m.
  • Length: 14:59
Show
View Real Time Build Order
Export as new Build Order

MarineKing Terran 

Build Orders:  

Get SALT Encoding   

  12  0:00  SCV  
  13  0:12  SCV  
  14  0:20  Supply Depot  
  14  0:25  SCV  
  15  0:42  Barracks, SCV  
  16  0:46  Refinery  
  16  0:54  SCV  
  17  1:01  Barracks  
  17  1:06  SCV  
  18  1:15  Refinery  
  18  1:18  SCV  
  19  1:33  Orbital Command  
  19  1:37  Reaper  
  20  1:48  Reaper  
  20  1:52  Supply Depot  
  21  2:00  SCV  
  22  2:10  Reaper  
  22  2:14  SCV  
  24  2:21  Reaper  
  25  2:25  Factory  
  25  2:26  SCV  
  26  2:38  SCV  
  27  2:44  Barracks Tech Lab  
  27  2:50  SCV  
  28  2:59  Command Center, Barracks Reactor  
  28  3:03  Bunker  
  28  3:05  Marine  
  29  3:06  Stimpack  
  29  3:11  SCV  
  30  3:23  SCV  
  31  3:37  Marine  
  28  3:47  Supply Depot  
  28  3:49  Marine x2  
  28  3:52  SCV  
  31  3:58  Factory Reactor  
  31  4:08  Marine x3  
  34  4:12  Supply Depot  
  34  4:13  Orbital Command  
  34  4:14  SCV  
  35  4:18  Refinery  
  35  4:21  Refinery  
  35  4:23  Starport  
  36  4:31  Marine  
  36  4:33  Marine x2  
  38  4:42  SCV x2  
  39  5:04  Barracks Tech Lab, Barracks Reactor  
  39  5:15  Supply Depot  
  39  5:20  SCV x2  
  41  5:22  Factory Tech Lab  
  41  5:30  Marine  
  41  5:32  SCV x2  
  44  5:39  Supply Depot  
  44  5:44  Marine x2, SCV x2  
  44  5:48  Marine  
  49  5:56  SCV x2  
  49  5:57  Siege Tank, Medivac x2  
  53  6:02  Marine x2  
  53  6:03  Supply Depot  
  60  6:05  Marine  
  60  6:08  SCV x2  
  60  6:09  Barracks  
  63  6:11  Barracks  
  63  6:20  SCV  
  63  6:21  SCV  
  65  6:33  SCV x2  
  65  6:39  Bunker  
  67  6:44  Barracks Reactor  
  67  6:47  Marine  
  67  6:48  Marine  
  67  6:52  Siege Tank  
  67  6:53  Medivac x2  
  67  6:54  SCV x2  
  78  6:57  Barracks Reactor  
  78  6:58  Barracks Reactor  
  78  7:05  Barracks  
  78  7:06  Engineering Bay, SCV x2  
  78  7:07  Barracks  
  80  7:09  Engineering Bay  
  80  7:11  Supply Depot x2  
  80  7:18  Supply Depot, SCV x2  
  82  7:27  Medivac x2  
  86  7:32  Siege Tank  
  86  7:34  Marine  
  86  7:35  Marine x6  
  86  7:36  Marine  
  96  7:51  Armory  
  96  7:52  Marine, Terran Infantry Weapons Level 1  
  96  7:55  Barracks Tech Lab x2, Engineering Bay  
  97  7:59  Marine x4  
  97  8:00  Marine x3  
  104  8:18  Combat Shield  
  104  8:22  Marauder x2  
  104  8:24  Supply Depot  
  108  8:31  Marine x2  
  110  8:40  Supply Depot  
  110  8:41  Command Center  
  110  8:46  Marine x6  
  116  8:50  Supply Depot  
  116  8:51  Terran Infantry Armor Level 1  
  116  8:52  Terran Vehicle Weapons Level 1  
  116  9:16  Supply Depot x2, Marine  
  116  9:17  Marine x7  
  117  9:18  Marauder x2, Siege Tank  
  117  9:19  Medivac  
  133  9:26  Supply Depot, Medivac  
  133  9:27  Supply Depot  
  135  10:10  Bunker  
  135  10:11  Bunker  
  135  10:13  Bunker  
  135  10:14  Bunker  
  124  10:22  Marine x5  
  120  10:41  Marine x3  
  120  10:42  Marine x5  
  127  10:43  Marauder x2  
  108  10:59  Marine x5  
  108  11:00  Marine x3  
  116  11:04  Marauder x2  
  120  11:12  SCV x2  
  122  11:20  Orbital Command  
  122  11:24  SCV x2  
  124  11:29  Bunker  
  124  11:35  Refinery x2  
  124  11:36  SCV x2  
  124  11:38  Marauder x2  
  124  11:39  Siege Tank  
  133  11:47  SCV  
  134  11:48  SCV x2  
  136  11:54  Terran Infantry Weapons Level 2  
  136  11:56  Terran Infantry Armor Level 2  
  136  11:57  Terran Vehicle And Ship Armor Level 1  
  136  11:59  SCV  
  137  12:02  Supply Depot  
  137  12:03  SCV x2  
  139  12:11  SCV  
  139  12:13  Siege Tank  
  139  12:14  Liberator x2  
  139  12:15  SCV x2  
  151  12:29  Marauder x2, Marine x2  
  157  12:30  Marine x6  
  163  12:45  Siege Tank  
  163  12:47  Marine x4  
  163  12:48  Marine x4  
  163  12:51  Marauder  
  176  12:54  Command Center  
  122  13:18  Marauder x2, Marine x3  
  122  13:19  Marine x5  
  118  13:32  SCV x3  
  121  13:36  Marine x4  
  121  13:37  Marine x4  
  121  13:39  Marauder  
  121  13:40  Marauder  
  133  13:44  Barracks, SCV x3  
  133  13:45  Barracks  
  136  13:56  SCV x2  
  138  14:10  Planetary Fortress  
  138  14:20  Refinery  
  138  14:22  Refinery  
  109  14:34  Marauder x2, Marine x6  
  109  14:35  Marine x2  
Show
View Real Time Build Order
Export as new Build Order

Subwayeatn Zerg - Winner!

Build Orders: Pool First 

Get SALT Encoding   

  12  0:00  Drone  
  13  0:12  Overlord  
  13  0:16  Drone  
  14  0:30  Drone x2  
  14  0:35  Drone  
  17  0:37  Extractor  
  16  0:48  Spawning Pool  
  15  0:51  Drone  
  16  1:16  Hatchery  
  15  1:21  Drone  
  15  1:23  Drone  
  17  1:27  Drone  
  17  1:32  Drone  
  19  1:39  Metabolic Boost  
  19  1:50  Queen  
  19  1:53  Drone  
  22  2:00  Overlord  
  22  2:15  Overlord  
  22  2:28  Zergling x4  
  22  2:29  Zergling x2  
  25  2:39  Queen  
  25  2:42  Zergling x4  
  29  2:53  Drone x2  
  31  3:13  Hatchery  
  31  3:18  Queen  
  32  3:21  Queen  
  32  3:24  Drone  
  35  3:45  Drone x5  
  35  3:46  Drone  
  41  3:49  Baneling Nest  
  41  3:52  Overlord  
  38  4:12  Zergling x10  
  43  4:19  Lair  
  43  4:23  Zergling x10  
  48  4:29  Queen  
  50  4:34  Baneling x5  
  50  4:35  Baneling  
  50  4:37  Baneling  
  46  5:06  Drone x11  
  54  5:17  Drone x3  
  54  5:18  Overlord x2  
  57  5:27  Baneling  
  57  5:28  Baneling x10  
  57  5:33  Extractor  
  56  5:36  Drone x6, Extractor  
  56  5:39  Drone x2  
  61  6:04  Drone x2  
  61  6:05  Drone x2  
  61  6:06  Hydralisk Den  
  61  6:08  Extractor  
  63  6:14  Overseer  
  63  6:16  Drone x6  
  69  6:18  Drone x3  
  69  6:19  Drone x2  
  69  6:23  Pneumatized Carapace  
  74  6:32  Centrifugal Hooks  
  74  6:41  Overlord, Extractor  
  74  6:42  Extractor  
  74  6:43  Overlord  
  74  6:44  Overlord  
  72  6:56  Spore Crawler  
  71  7:02  Grooved Spines  
  71  7:03  Infestation Pit  
  71  7:04  Overlord x2  
  71  7:05  Zergling x2  
  71  7:06  Zergling x26  
  84  7:16  Drone x2  
  84  7:18  Overlord  
  87  7:22  Drone  
  87  7:23  Drone x2  
  87  7:26  Zergling x2  
  87  7:29  Baneling  
  90  7:30  Baneling x13  
  88  7:52  Drone x6, Muscular Augments  
  88  7:53  Drone x6, Spore Crawler  
  88  7:55  Spore Crawler  
  88  7:56  Spore Crawler  
  97  8:09  Drone x9  
  106  8:15  Hatchery  
  106  8:18  Queen  
  107  8:21  Hive  
  107  8:25  Drone  
  108  8:29  Overlord x3  
  108  8:46  Hydralisk x8  
  124  9:02  Spore Crawler  
  123  9:03  Spore Crawler x2  
  121  9:14  Overlord x2  
  121  9:22  Overseer  
  121  9:23  Overseer, Evolution Chamber  
  120  9:25  Evolution Chamber  
  120  9:30  Drone x16  
  135  9:32  Queen  
  135  9:33  Overlord, Extractor  
  135  9:34  Overlord x2, Extractor  
  135  9:53  Viper x5  
  135  9:59  Overlord x4  
  150  10:08  Queen  
  150  10:10  Hydralisk  
  150  10:11  Hydralisk x10  
  163  10:30  Hatchery  
  163  10:33  Unknown  
  160  10:39  Zergling x2  
  160  10:40  Zergling x22  
  150  10:55  Zergling x2  
  150  10:56  Zergling x10  
  156  10:59  Zerg Melee Weapons Level 1  
  156  11:00  Zerg Missile Weapons Level 1  
  156  11:17  Zergling x4  
  156  11:18  Zergling x12  
  164  11:20  Baneling x9  
  164  11:21  Baneling x7  
  164  11:24  Baneling x2  
  164  11:25  Baneling x14  
  164  11:26  Overseer  
  164  11:43  Queen  
  164  11:44  Drone x3  
  164  11:45  Drone x5  
  164  11:46  Drone x3  
  177  11:53  Zergling x2  
  177  11:54  Zergling x16  
  186  11:59  Queen  
  186  12:01  Hatchery  
  187  12:03  Hatchery  
  186  12:10  Hydralisk  
  186  12:11  Hydralisk x6  
  200  12:54  Zerg Ground Armor Level 1  
  159  13:16  Hydralisk  
  159  13:17  Hydralisk x15  
  159  13:19  Zergling x4  
  186  13:20  Zergling x32  
  185  13:28  Overseer  
  185  13:59  Zergling x28  
  185  14:00  Zergling x2  
  185  14:02  Baneling x11  
  200  14:03  Baneling x24  
  200  14:05  Hatchery  
Tags
 
Matchup
TvZ
Opening
Pool First
Replay Pack
2025 replay dump
Spawn Locations
Cross Positions
Add a new tag
Caveats
  • Supply blocks, unpowered buildings, or Contaminate may cause inaccurate times.
  • Supply counts are checked every 10 seconds.